 Dungeon Crawl Stone Soup version 0.17.2-1-ge4368a0 (webtiles) character file.

140 Goblin1989 the Cudgeler (level 5, 0/41 HPs)
             Began as a Demonspawn Abyssal Knight on Aug 5, 2016.
             Was a Priest of Lugonu.
             Slain by a giant gecko (3 damage)
             ... on level 3 of the Dungeon.
             The game lasted 00:05:11 (1192 turns).

Goblin1989 the Cudgeler (Demonspawn Abyssal Knight) Turns: 1192, Time: 00:05:12

Health: 0/41       AC:  3    Str: 14    XL:     5   Next: 2%
Magic:  6/6        EV: 11    Int: 13    God:    Lugonu [***...]
Gold:   48         SH:  0    Dex: 12    Spells: 0 memorised, 4 levels left

rFire  . . .     SeeInvis .     a - +1 mace
rCold  . . .     Clarity  .     i - troll hide
rNeg   . . .     SustAt   .     (no shield)
rPois  .         Gourm    .     (no helmet)
rElec  .         Spirit   .     (no cloak)
rCorr  .         Warding  .     (no gloves)
rMut   .         Stasis   .     (no boots)
MR     .....                    (no amulet)
Stlth  +.........               (no ring)
                                (no ring)

@: not resistant to hostile enchantments, very unstealthy
A: molten scales 1, demonic guardian 1
a: Depart the Abyss, Bend Space, Banish, Renounce Religion


You were on level 3 of the Dungeon.
You worshipped Lugonu.
Lugonu was most pleased with you.
You were not hungry.

You visited 1 branch of the dungeon, and saw 3 of its levels.
You visited the Abyss 1 time.

You collected 48 gold pieces.

Inventory:

Hand Weapons
 a - a +1 mace (weapon)
Armour
 i - a troll hide (worn)
Potions
 b - a potion of brilliance {unknown}
 e - 2 potions of flight
 h - a potion of ambrosia


   Skills:
 - Level 3.0 Fighting
 + Level 4.7 Maces & Flails
 - Level 1.7 Armour
 - Level 0.8 Dodging
 - Level 2.4 Invocations


You had 4 spell levels left.
You didn't know any spells.

Dungeon Overview and Level Annotations

Branches:
Dungeon (3/15)

Altars:
Ashenzari
Okawaru
Vehumet

Portals:
Sewer: D:3


Innate Abilities, Weirdness & Mutations

You are partially covered in molten scales (AC +1).
A weak demonic guardian rushes to your aid.


Message History

The giant gecko bites you.
* * * LOW HITPOINT WARNING * * *
You take 2 damage, and have 8/41 hp.
You closely miss the giant gecko.
The giant gecko bites you but does no damage.
You barely miss the giant gecko. The giant gecko bites you.
* * * LOW HITPOINT WARNING * * *
The giant gecko bites you but does no damage.
You take 1 damage, and have 7/41 hp.
You barely miss the giant gecko. The giant gecko barely misses you.
You barely miss the giant gecko. The giant gecko bites you.
* * * LOW HITPOINT WARNING * * *
You take 1 damage, and have 7/41 hp.
You barely miss the giant gecko. The giant gecko bites you.
* * * LOW HITPOINT WARNING * * *
The giant gecko bites you.
* * * LOW HITPOINT WARNING * * *
You take 4 damage, and have 3/41 hp.
You closely miss the giant gecko. The giant gecko bites you.
You die...

....# ###.########
#....)...######
######...##≈..##
########.#.#.≈..≈##
...†....)..#≈≈#≈≈≈#
##..###.#..#†≈#≈≈≈#
#.....##..#.≈#≈$≈#
##.###.#..#.≈#≈@l#
#.# #.#.#≈≈#≈.≈#
#.## #.#.#†≈#≈≈≈#
#.#.###....≈≈##≈..
#.###.##....≈.###...
##.#.####....## ####
...........#<#
####.#######... #.#
#####


You could see a giant gecko.

Vanquished Creatures
  3 adders (D:3)
  An ooze (D:2)
  3 worms
  4 giant geckos (D:3)
  8 orcs (D:3)
  2 ball pythons (D:2)
  6 giant cockroaches (D:3)
  5 goblins
  4 hobgoblins
  3 jackals (D:2)
  4 quokkas
  3 bats
  3 kobolds (D:2)
  5 rats
54 creatures vanquished.

Vanquished Creatures (collateral kills)
  Ijyb (D:2)
  An adder (D:2)
  A giant newt (D:2)
3 creatures vanquished.

Grand Total: 57 creatures vanquished

Notes
Turn   | Place    | Note
--------------------------------------------------------------
     0 | Abyss:1  | Goblin1989 the Demonspawn Abyssal Knight began the quest for the Orb.
     0 | Abyss:1  | Reached XP level 1. HP: 18/18 MP: 2/2
     7 | D:1      | Escaped the Abyss
    79 | D:2      | Gained mutation: A weak demonic guardian rushes to your aid. [demonic ancestry]
    79 | D:2      | Reached XP level 2. HP: 17/24 MP: 3/3
   425 | D:2      | Reached ** piety under Lugonu
   453 | D:2      | Reached XP level 3. HP: 4/29 MP: 1/4
   659 | D:2      | Noticed Ijyb
   671 | D:2      | Killed Ijyb
   750 | D:2      | Found an iron altar of Okawaru.
   754 | D:2      | Found a radiant altar of Vehumet.
   759 | D:2      | Found a shattered altar of Ashenzari.
   860 | D:3      | Reached skill level 4 in Maces & Flails
   860 | D:3      | Reached XP level 4. HP: 22/35 MP: 5/5
  1139 | D:3      | Found a glowing drain.
  1141 | D:3      | Reached *** piety under Lugonu
  1168 | D:3      | Gained mutation: You are partially covered in molten scales (AC +1). [demonic ancestry]
  1168 | D:3      | Reached XP level 5. HP: 12/41 MP: 6/6
  1192 | D:3      | Slain by a giant gecko

Action                   |  1- 3 |  4- 6 || total
-------------------------+-------+-------++-------
Melee: Mace              |    92 |   125 ||   217
Invok: Bend Space        |     3 |       ||     3
  Use: Scroll            |     6 |       ||     6
  Eat: Bread ration      |       |     1 ||     1
